 Dungeon Crawl Stone Soup version 0.29-a0-334-gb41bcbb86e (webtiles) character file.

Game seed: 3469801123798621772

172 spaghetti the Ruffian (level 5, -19/49 HPs)
             Began as a Naga Fighter on Apr 13, 2022.
             Was a Follower of Wu Jian.
             Demolished by an ogre
             ... wielding a +0 giant club
              (23 damage)
             ... on level 5 of the Dungeon.
             The game lasted 00:04:35 (3409 turns).

spaghetti the Ruffian (Naga Fighter)                Turns: 3409, Time: 00:04:36

Health: -19/49     AC:  6    Str: 17 (20) XL:     5   Next: 53%
Magic:  5/5        EV:  7    Int: 11 (14) God:    Wu Jian [*.....]
Gold:   210        SH:  4    Dex:  9 (10) Spells: 4/4 levels left

rFire   . . .      SeeInvis +     - Unarmed
rCold   . . .      Faith    .   b - +0 buckler
rNeg    . . .      Spirit   .   o - +1 scale mail {Will+}
rPois   +          Reflect  .   (no helmet)
rElec   +          Harm     .   t - scarf {shadows}
rCorr   +          Rampage  .   (no gloves)
Will    ++...                   (no barding)
Stlth   ++........              (no amulet)
HPRegen 0.16/turn               i - ring of the Morning {rElec rCorr Int+5 Stlth+}
MPRegen 0.09/turn               w - ring of willpower

@: mighty, very slow
A: AC +1, large, see invisible, deformed body, poison resistance, slowness 2,
spit poison 1, naga tail 1
a: Spit Poison, Renounce Religion


You were on level 5 of the Dungeon.
You worshipped Wu Jian.
Wu Jian was aware of your devotion.
You visited 1 branch of the dungeon, and saw 5 of its levels.

You collected 210 gold pieces.


Innate Abilities, Weirdness & Mutations

Your serpentine skin is tough. (AC +1)
You have supernaturally acute eyesight. (SInv)
Armour fits poorly on your strangely shaped body.
Your system is resistant to poisons. (rPois)
You cover ground very slowly.
You can spit poison.
You have a snake-like lower body.


   Skills:
 + Level 3.1 Fighting
 - Level 2.4 Armour
 + Level 3.2 Stealth
 - Level 2.4 Shields
 + Level 5.0 Unarmed Combat


You had 4 spell levels left.
You didn't know any spells.
Your spell library was empty.

Inventory:

Hand Weapons
 f - a +0 whip {mace}
   (You took it off a kobold on level 1 of the Dungeon)
 g - a +0 short sword {short}
   (You took it off a kobold on level 1 of the Dungeon)
Missiles
 h - 54 stones (quivered) {throwing}
Armour
 a - a +0 scale mail
 b - a +0 buckler (worn)
 o - a +1 scale mail of willpower (worn)
   (You found it on level 2 of the Dungeon)
 t - a scarf of shadows (worn)
   (You found it on level 4 of the Dungeon)
Jewellery
 i - the ring of the Morning (left hand) {rElec rCorr Int+5 Stlth+}
   (You found it on level 4 of the Dungeon)

   [ring of resist corrosion]

   Int:       It affects your intelligence (+5).
   rElec:     It insulates you from electricity.
   rCorr:     It protects you from acid and corrosion.
   Stlth:     It makes you more stealthy.
 l - a ring of protection from fire
   (You found it on level 1 of the Dungeon)
 n - a ring of ice
   (You found it on level 2 of the Dungeon)
 w - a ring of willpower (right hand)
   (You found it on level 4 of the Dungeon)
Wands
 q - a wand of polymorph (8)
   (You found it on level 4 of the Dungeon)
Scrolls
 d - 2 scrolls of enchant weapon {unknown}
 e - 2 scrolls of fog {unknown}
 j - 4 scrolls of identify {unknown}
 m - 4 scrolls of teleportation {unknown}
 p - a scroll of magic mapping {unknown}
 r - a scroll of fear {unknown}
 u - a scroll of brand weapon {unknown}
 v - a scroll of noise {unknown}
 y - a scroll of immolation {unknown}
Potions
 c - 2 potions of might
 s - a potion of degeneration {!q@e2}
 x - a potion of haste {@q3}

Dungeon Overview and Level Annotations

Branches:
Dungeon (5/15)
 Temple: D:4-7

Altars:
Fedhas
Gozag
Kikubaaqudgha
Wu Jian

(. ###. .(# #...#
.. #.### #....#
..###... .....#
#.#..(. ....# ..
#..<.O#...##
...#... #@###.#
..#...###...#
#.###.#....#
##...#.....# ..
#.#....#....#....
.###.
#.....#...###...
..#..
#....#.###...###
#...
#...###.........
#...
#.###...###...###.


You could see an ogre.


Message History

You barely miss the iguana. The iguana bites you.
* * * LOW HITPOINT WARNING * * *
😨 HP[-6]
You take 6 damage, and now have 16/49 hp.
You can't do that yet.
Okay, then.
You hit the iguana.
You kill the iguana!
The Council accepts your kill.
You have got your breath back.
You start resting. 😎 HP[+33]
Your hp is fully restored (49).
Unknown command.
x - a potion of haste {@q3} Key pressed, stopping explore.
Found an escape hatch in the floor.
There is an escape hatch in the floor here.
Found a stone staircase leading up.
y - a scroll labelled ALOOKO ROCY You now have 191 gold pieces (gained 11).
Key pressed, stopping explore.
Found a stone staircase leading down.
A hound comes into view.
A hound is nearby!
You throw a stone {throwing}.
The stone {throwing} closely misses the hound.
The hound barks!
You throw a stone {throwing}. The stone {throwing} misses the hound.
You hit the hound. The hound bites you but does no damage.
You hit the hound but do no damage. The hound bites you.
The hound bites you but does no damage. 😕 HP[-1]
You take 1 damage, and now have 48/49 hp.
You hit the hound. The hound bites you but does no damage.
You closely miss the hound. You block the hound's attack.
You punch the hound! The hound bites you.
The hound bites you but does no damage. 😕 HP[-3]
You take 3 damage, and now have 45/49 hp.
You are too injured to fight recklessly!
You are too injured to fight recklessly!
You are too injured to fight recklessly!
You are too injured to fight recklessly!
You are too injured to fight recklessly!
You are too injured to fight recklessly!
You are too injured to fight recklessly!
You are too injured to fight recklessly!
You are too injured to fight recklessly!
You are too injured to fight recklessly!
You closely miss the hound. The hound barely misses you.
You miss the hound. The hound barely misses you. x2
You barely miss the hound. The hound barely misses you. 😕 HP[+1]
You hit the hound.
You kill the hound!
The Council accepts your kill.
Your Stealth skill increases to level 3!
Your Unarmed Combat skill increases to level 5!
Your movement speed is very slow.
Your attack delay is about 0.9.
Your base attributes are Str 20, Int 9, Dex 10.
You now have 210 gold pieces (gained 19).
Found an escape hatch in the ceiling.
h - 57 stones {throwing} (gained 1) 😎 HP[+3]
Your hp is fully restored (49).
Found an escape hatch in the ceiling.
An ogre comes into view. It is wielding a +0 giant club.
An ogre is nearby!
An ogre is nearby!
You throw a stone {throwing}. The stone {throwing} hits the ogre.
You throw a stone {throwing}.
The stone {throwing} barely misses the ogre.
You throw a stone {throwing}.
The stone {throwing} hits the ogre but does no damage.
You completely miss the ogre.
The ogre hits you with a +0 giant club!!
Ouch! That really hurt!
* * * LOW HITPOINT WARNING * * *
😨 HP[-28]
You take 28 damage, and now have 21/49 hp.
MASSIVE DAMAGE!! (PAUSE)
You punch the ogre! You barely miss the ogre. The ogre barely misses you.
You hit the ogre but do no damage. The ogre hits you with a +0 giant club!
* * * LOW HITPOINT WARNING * * *
😱 HP[-12]
You take 12 damage, and now have 9/49 hp.
MASSIVE DAMAGE!! (PAUSE) It was a potion of degeneration.
There was something very wrong with that liquid.
You feel weakened.
You feel dopey.
You feel clumsy.
It was a potion of cancellation.
You feel magically purged. The ogre hits you with a +0 giant club.
* * * LOW HITPOINT WARNING * * *
😱 HP[-5]
You take 5 damage, and now have 4/49 hp.
You feel very mighty all of a sudden.
The ogre hits you with a +0 giant club!!
You die...

Skill      XL: |  1  2  3  4  5 |
---------------+----------------+-----
Unarmed Combat | 3 4 5 |  5.0
Stealth        | 2 3 |  3.2
Fighting       | |  3.1
Armour         | |  2.4
Shields        | |  2.4

Action                   |  1- 3 |  4- 6 || total
-------------------------+-------+-------++-------
Melee: Unarmed           |    76 |    52 ||   128
Throw: Stone             |     3 |    23 ||    26
Invok: Lunge             |     2 |     2 ||     4
 Abil: Spit Poison       |    13 |     4 ||    17
  Use: Potion            |     3 |     3 ||     6
 Stab: Invisible         |       |     2 ||     2
Armor: Scale mail        |    25 |     9 ||    34
       Skin              |     1 |     2 ||     3
Dodge: Dodged            |    29 |    12 ||    41
Block: Buckler           |    15 |     6 ||    21

Levels and vault maps discovered:
D:1:      scummos_arrival_gate, layout_basic, basic_ecumenical_altar,
          minivault_11
D:2:      layout_rooms, chequers_mini_garden
D:3:      layout_rooms, serial_shops, shop, nicolae_shop_trees,
          nicolae_shop_overgrown_old_shop, uniq_terence, uniq_jessica
D:4:      minmay_general_purpose_star, layout_basic,
          mainiacjoe_overflow_catwalk, mainiacjoe_overflow_alcove_1,
          grunt_gozag_breadcrumbs, st_stairs_13
D:5:      nicolae_BIG_FREAKIN_CUBE, layout_layer_cave, minmay_misc_feat_square,
          eino_curves_03

Notes
Turn   | Place    | Note
-------+----------+-------------------------------------------
     0 | D:1      | spaghetti the Naga Fighter began the quest for the Orb.
     0 | D:1      | Reached XP level 1. HP: 21/21 MP: 1/1
     0 | D:1      | magus.rc [v1.9.6]
   228 | D:1      | Reached XP level 2. HP: 26/28 MP: 2/2
   587 | D:1      | Reached skill level 3 in Unarmed Combat
   639 | D:1      | Found a faded altar of an unknown god.
   805 | D:1      | Prayed at the altar of an unknown god.
   805 | D:1      | Became a worshipper of the Wu Jian Council
   805 | D:1      | Reached * piety under Wu Jian
  1134 | D:2      | Reached XP level 3. HP: 31/34 MP: 3/3
  1439 | D:2      | Reached skill level 4 in Unarmed Combat
  1678 | D:3      | You fall into a shaft and drop 1 floor!
  1719 | D:4      | Reached XP level 4. HP: 22/42 MP: 4/4
  1942 | D:4      | Found a blossoming altar of Fedhas.
  2055 | D:4      | Identified the ring of the Morning {rElec rCorr Int+5
                  | Stlth+}
  2124 | D:4      | Found an opulent altar of Gozag.
  2351 | D:4      | Found an ancient bone altar of Kikubaaqudgha.
  2492 | D:4      | Reached skill level 1 in Stealth
  2699 | D:4      | Reached skill level 2 in Stealth
  2699 | D:4      | Reached XP level 5. HP: 46/49 MP: 5/5
  2929 | D:5      | Entered Level 5 of the Dungeon
  3348 | D:5      | Reached skill level 3 in Stealth
  3348 | D:5      | Reached skill level 5 in Unarmed Combat
  3399 | D:5      | Noticed an ogre
  3406 | D:5      | HP: 9/49 [ogre/+0 giant club (12)]
  3408 | D:5      | HP: 4/49 [ogre/+0 giant club (6)]
  3409 | D:5      | Demolished by an ogre

Vanquished Creatures
  A hound (D:5)
  A jelly (D:4)
  An iguana (D:5)
  3 adders (D:2)
  A white imp (D:4)
  A worm (D:4)
  3 dart slugs
  2 orcs (D:4)
  4 endoplasms
  A giant cockroach (D:4)
  2 goblins (D:1)
  2 hobgoblins
  9 kobolds
  A quokka (D:4)
  4 ball pythons
  3 bats (D:1)
  4 frilled lizards (D:1)
  2 rats
45 creatures vanquished.

Table legend:
 A = Non-vault XP
 B = Vault XP
 C = Vault XP percentage of total XP
 D = Non-vault monster count
 E = Vault monster count
 F = Vault count percentage of total count
                 A         B        C        D         E       F
            +---------+---------+-------+---------+---------+-------
      Total |     239 |       8 |   3.2 |      41 |       4 |   8.9
            +---------+---------+-------+---------+---------+-------
        D:1 |      32 |       0 |   0.0 |      20 |       0 |   0.0
        D:2 |      46 |       0 |   0.0 |       7 |       0 |   0.0
        D:4 |      79 |       8 |   9.2 |      12 |       4 |  25.0
        D:5 |      82 |       0 |   0.0 |       2 |       0 |   0.0
            +---------+---------+-------+---------+---------+-------

Illustrated notes

Table legend:
 A = Kills in this place as a percentage of kills in entire the game.
 B = Kills by you in this place as a percentage of kills by you in the entire game.
 C = Kills by friends in this place as a percentage of kills by friends in the entire game.
 D = Other kills in this place as a percentage of other kills in the entire game.
 E = Experience gained in this place as a percentage of experience gained in the entire game.
 F = Experience gained in this place divided by the number of levels of this place that you have seen.
                   A       B       C       D       E      F
               +-------+-------+-------+-------+-------+----------------------
         Total | 100.0 | 100.0 |   N/A |   N/A | 100.0 |  49.4
       Dungeon | 100.0 | 100.0 |   N/A |   N/A | 100.0 |  49.4
               +-------+-------+-------+-------+-------+----------------------

Table legend: (Time is in decaauts)
 A = Elapsed time spent in this place.
 B = Non-inter-level travel time spent in this place.
 C = Inter-level travel time spent in this place.
 D = Time resting spent in this place.
 E = Time spent auto-exploring this place.
 F = Levels seen in this place.
 G = Mean time per level.
                   A        B        C        D        E       F      G
               +--------+--------+--------+--------+--------+-----+--------+
         Total |   4291 |   4111 |    180 |    547 |   3113 |   5 |  858.2 |
       Dungeon |   4291 |   4111 |    180 |    547 |   3113 |   5 |  858.2 |
               +--------+--------+--------+--------+--------+-----+--------+

Top non-repeatable levels by time:
     D:4: 1594 daAuts
     D:1: 1427 daAuts
     D:2: 701 daAuts
     D:5: 568 daAuts
